Mulligans vs Carnivores
(R1)
Created - 4 décembre 2016 at 08:01
Goals
|
Mulligans |
0 |
3 |
0 |
0 |
2 |
4 |
Carnivores |
0 |
1 |
2 |
0 |
1 |
3 |
|
Shots
|
Mulligans |
10 |
12 |
10 |
0 |
3 |
32 |
Carnivores |
4 |
12 |
10 |
0 |
3 |
26 |
|
1st period
No Goal
Penalties :
No Penalty
2nd period
1. Mulligans , Jonathan Tremblay 4 (Anton Lander, Matt Beleskey) at 0:35
2. Mulligans , Jan Hlavac 15 (Chris Neil) at 18:20
3. Mulligans , Jan Hlavac 16 (Chris Neil, Michael Del Zotto) at 19:20
4. Carnivores , Chris Lawrence 9 (Mikael Granlund) at 19:31
Penalties :
Tyler Graovac (Bre) for High sticking (Minor) at 8:34, Matt Donovan (Rep) for Roughing (Minor) at 11:58
3rd period
5. Carnivores , Colton Orr 6 (Tyler Graovac, Lane MacDermid) at 12:02
6. Carnivores , Bobby Sanguinetti 2 (Artemi Panarin, Phil Oreskovic) at 19:30
Penalties :
Lane MacDermid (Bre) for Tripping (Minor) at 3:09, Mikael Granlund (Bre) for Hooking (Minor) at 8:51, Brendan Gallagher (Bre) for Roughing (Minor) at 14:20
Overtime #1
No Goal
Penalties :
No Penalty
Shootout
Penalty Shot by Chris Neil for Mulligans - Goal!
Penalty Shot by Chris Lawrence for Carnivores - Shot Misses the Net
Penalty Shot by Maxime Macenauer for Mulligans - Goal!
Penalty Shot by Artemi Panarin for Carnivores - Goal!
Penalty Shot by Jonathan Tremblay for Mulligans - Stopped by Chad Johnson
Penalty Shot by Brendan Gallagher for Carnivores - Shot Misses the Net
Penalties :
No Penalty
Goalie Stats
Calvin Pickard (Rep), 23 saves from 26 shots - (0,885), W, 6-1-0, 65:00 minutes
Chad Johnson (Bre), 29 saves from 32 shots - (0,906), OTL, 8-2-3, 64:58 minutes
Players Stats for Mulligans
Player Name G A P +/- PIM S H SB GA TA FO MP PP MP PK MP
------------------------------------------------------------------------------------
Anton Lander 0 1 1 -1 0 3 1 0 0 0 2/9 19:22 3:33 0:58
Cade Fairchild 0 0 0 0 0 0 0 0 0 1 0/0 9:27 0:00 1:11
Chris Neil 0 2 2 1 0 2 3 0 1 0 1/3 22:38 4:04 0:00
Cody Goloubef 0 0 0 -1 0 1 1 0 0 0 0/0 12:53 1:32 0:36
Drayson Bowman 0 0 0 -1 0 5 2 0 4 0 1/2 16:13 1:32 0:00
Eric Tangradi 0 0 0 0 0 3 2 0 1 2 0/1 10:58 0:59 0:15
Gord Baldwin 0 0 0 -1 0 0 1 0 0 0 0/0 12:43 1:11 1:17
Jan Hlavac 2 0 2 1 0 4 2 0 0 0 1/2 23:09 4:04 0:48
Jonathan Tremblay 1 0 1 0 0 2 0 0 0 0 2/4 18:50 3:05 0:56
Jordan Szwarz 0 0 0 -1 0 1 0 0 0 1 0/0 12:00 0:00 0:00
Logan Shaw 0 0 0 0 0 0 1 1 0 0 0/0 7:39 0:00 0:00
Matt Beleskey 0 1 1 0 0 2 3 0 0 0 2/2 16:11 3:05 0:00
Matt Donovan 0 0 0 1 2 0 0 1 1 0 0/0 21:44 2:09 0:00
Matt Niskanen 0 0 0 0 0 0 3 1 0 1 0/0 21:41 4:28 0:00
Maxime Macenauer 0 0 0 2 0 0 2 0 0 1 14/23 20:15 3:25 0:19
Michael Chaput 0 0 0 0 0 0 1 1 0 0 1/4 7:55 0:01 0:42
Michael Del Zotto 0 1 1 1 0 5 0 0 1 2 0/0 23:21 3:48 0:00
Oliver Lauridsen 0 0 0 0 0 0 1 0 0 0 0/0 8:30 0:00 0:48
Thomas Hickey 0 0 0 0 0 2 0 1 0 0 0/0 19:43 2:44 0:06
Tim Schaller 0 0 0 -1 0 2 1 0 0 0 4/5 12:48 0:00 0:00
Players Stats for Carnivores
Player Name G A P +/- PIM S H SB GA TA FO MP PP MP PK MP
------------------------------------------------------------------------------------
Anton Gustafsson 0 0 0 -2 0 4 0 1 0 1 12/27 18:00 1:04 1:48
Artemi Panarin 0 1 1 -1 0 3 0 1 1 1 6/11 22:35 1:04 4:23
Blake Geoffrion 0 0 0 0 0 0 3 1 1 0 1/1 16:13 0:53 1:04
Bobby Sanguinetti 1 0 1 -2 0 2 1 1 0 0 0/0 27:04 0:52 3:54
Brendan Gallagher 0 0 0 -1 2 2 1 3 1 1 2/3 19:34 0:54 1:44
Chris Lawrence 1 0 1 0 0 2 0 0 0 0 0/0 20:11 0:53 4:16
Colton Orr 1 0 1 1 0 2 0 0 0 0 0/0 9:27 0:00 0:00
Frederic St-Denis 0 0 0 0 0 1 0 0 0 1 0/0 5:58 0:00 0:00
Jeremy Welsh 0 0 0 0 0 2 3 0 2 0 0/0 13:40 0:14 0:00
Lane MacDermid 0 1 1 1 2 3 3 0 0 0 0/0 11:39 0:02 1:01
Mark McNeill 0 0 0 0 0 1 0 0 0 0 0/0 11:27 0:00 0:00
Mat Clark 0 0 0 0 0 0 0 0 0 0 0/0 10:53 0:00 0:31
Mattias Backman 0 0 0 0 0 0 0 0 0 0 0/0 6:38 0:00 0:00
Mikael Granlund 0 1 1 1 2 0 0 0 1 1 4/8 16:40 0:53 1:06
Nate Schmidt 0 0 0 -3 0 0 1 4 1 0 0/0 26:29 0:52 3:41
Phil Oreskovic 0 1 1 3 0 2 0 1 0 2 0/0 21:51 1:07 3:53
Sasha Pokulok 0 0 0 2 0 0 0 3 1 1 0/0 21:27 1:07 3:53
Tyler Graovac 0 1 1 1 2 0 1 2 0 0 1/2 9:56 0:00 0:30
Zach Jones 0 0 0 0 0 0 0 1 0 0 0/0 9:49 0:00 0:00
Zack Smith 0 0 0 0 0 2 1 0 0 0 1/3 12:28 0:00 0:00
3 Stars
1 - Jan Hlavac (Rep)
2 - Chris Neil (Rep)
3 - Phil Oreskovic (Bre)
Power Play
Mulligans - 0 on 5 Attempt(s) - 0,00%
Carnivores - 0 on 1 Attempt(s) - 0,00%
Penalty Kill
Mulligans - 1 on 1 Attempt(s) - 100,00%
- Score 0 goal in Penalty Kill
Carnivores - 5 on 5 Attempt(s) - 100,00%
- Score 0 goal in Penalty Kill
Team Stat
Mulligans - Hits : 24 - Faceoff Wins : 28 - Blocked Shots : 5 - Penalty Minutes : 2
Carnivores - Hits : 14 - Faceoff Wins : 27 - Blocked Shots : 18 - Penalty Minutes : 8
Official
Referees : Hebert Ghislain and Pollock Kevin
Linesman : Tim Nowak and Bryan Pancich
Game Notes
Michael Chaput is injured at 11:07 of 3rd period (Back)
13:10 of 3rd period - Penalty Shot by Mark McNeill for Carnivores - Stopped by Calvin Pickard
Finance
Level 1 -- Attendance: 1356 (67,80%) -- Ticket Income 54 240 $
Level 2 -- Attendance: 682 (68,20%) -- Ticket Income 13 640 $
Total Attendance: 2038 (67,93%)
Total Ticket Income: 67 880 $
Other Income: 3 394 $
Total Income: 71 274 $
Mulligans
5 vs 5 Forward
Center Left Wing Right Wing Time % Phy DF OF
1 Maxime Macenauer Jan Hlavac Chris Neil 36 1 2 2
2 Anton Lander Matt Beleskey Jonathan Tremblay 30 0 2 3
3 Tim Schaller Drayson Bowman Jordan Szwarz 24 0 2 3
4 Michael Chaput Eric Tangradi Logan Shaw 10 1 2 2
5 vs 5 Defense
Defense Defense Time % Phy DF OF
1 Michael Del Zotto Matt Donovan 36 1 3 1
2 Thomas Hickey Matt Niskanen 30 1 3 1
3 Cody Goloubef Gord Baldwin 22 1 4 0
4 Oliver Lauridsen Cade Fairchild 12 1 4 0
PowerPlay Forward
Center Left Wing Right Wing Time % Phy DF OF
1 Anton Lander Jan Hlavac Chris Neil 60 1 0 4
2 Maxime Macenauer Matt Beleskey Jonathan Tremblay 40 1 0 4
PowerPlay Defense
Defense Defense Time % Phy DF OF
1 Michael Del Zotto Matt Niskanen 65 0 1 4
2 Thomas Hickey Matt Donovan 35 0 1 4
Penalty Kill 4 Players Forward
Center Wing Time % Phy DF OF
1 Anton Lander Jonathan Tremblay 60 1 2 2
2 Maxime Macenauer Jan Hlavac 40 1 2 2
Penalty Kill 4 Players Defense
Defense Defense Time % Phy DF OF
1 Gord Baldwin Matt Donovan 60 1 2 2
2 Cade Fairchild Cody Goloubef 40 1 2 2
Penalty Kill - 3 Players Forward
Forward Time % Phy DF OF
1 Chris Neil 60 1 4 0
2 Jan Hlavac 40 1 4 0
Penalty Kill - 3 Players Defense
Defense Defense Time % Phy DF OF
1 Gord Baldwin Matt Donovan 60 1 4 0
2 Cody Goloubef Cade Fairchild 40 1 4 0
4 vs 4 Forward
Center Wing Time % Phy DF OF
1 Jonathan Tremblay Chris Neil 60 1 2 2
2 Maxime Macenauer Jan Hlavac 40 1 2 2
4 vs 4 Defense
Defense Defense Time % Phy DF OF
1 Michael Del Zotto Matt Donovan 60 1 2 2
2 Thomas Hickey Matt Niskanen 40 1 2 2
Last Minutes Offensive
Center Left Wing Right Wing Defense Defense
Jonathan Tremblay Jan Hlavac Chris Neil Michael Del Zotto Matt Niskanen
Last Minutes Defensive
Center Left Wing Right Wing Defense Defense
Anton Lander Jan Hlavac Chris Neil Matt Donovan Gord Baldwin
Goaltenders
Starting : Calvin Pickard
Backup : Anders Lindback
Extra Forwards
Normal : Drayson Bowman, Eric Tangradi, Anton Lander - PP : Drayson Bowman, Eric Tangradi - PK : Anton Lander
Extra Defensemen
Normal : Cody Goloubef, Cade Fairchild, Oliver Lauridsen - PP : Cody Goloubef - PK : Cade Fairchild, Oliver Lauridsen
Penalty Shots
Chris Neil, Maxime Macenauer, Jonathan Tremblay, Jan Hlavac, Matt Beleskey
Carnivores
5 vs 5 Forward
Center Left Wing Right Wing Time % Phy DF OF
1 Anton Gustafsson Artemi Panarin Brendan Gallagher 40 1 2 2
2 Mikael Granlund Blake Geoffrion Chris Lawrence 30 1 2 2
3 Zack Smith Jeremy Welsh Mark McNeill 20 1 2 2
4 Tyler Graovac Lane MacDermid Colton Orr 10 2 1 2
5 vs 5 Defense
Defense Defense Time % Phy DF OF
1 Bobby Sanguinetti Nate Schmidt 40 1 2 2
2 Phil Oreskovic Sasha Pokulok 30 1 2 2
3 Mat Clark Zach Jones 20 1 2 2
4 Mattias Backman Frederic St-Denis 10 1 2 2
PowerPlay Forward
Center Left Wing Right Wing Time % Phy DF OF
1 Anton Gustafsson Artemi Panarin Brendan Gallagher 60 1 1 3
2 Mikael Granlund Blake Geoffrion Chris Lawrence 40 1 1 3
PowerPlay Defense
Defense Defense Time % Phy DF OF
1 Bobby Sanguinetti Nate Schmidt 60 1 2 2
2 Phil Oreskovic Sasha Pokulok 40 1 2 2
Penalty Kill 4 Players Forward
Center Wing Time % Phy DF OF
1 Artemi Panarin Chris Lawrence 60 1 2 2
2 Anton Gustafsson Brendan Gallagher 40 1 3 1
Penalty Kill 4 Players Defense
Defense Defense Time % Phy DF OF
1 Bobby Sanguinetti Nate Schmidt 60 1 3 1
2 Phil Oreskovic Sasha Pokulok 40 1 3 1
Penalty Kill - 3 Players Forward
Forward Time % Phy DF OF
1 Artemi Panarin 60 1 2 2
2 Anton Gustafsson 40 1 2 2
Penalty Kill - 3 Players Defense
Defense Defense Time % Phy DF OF
1 Bobby Sanguinetti Nate Schmidt 60 1 2 2
2 Phil Oreskovic Sasha Pokulok 40 1 2 2
4 vs 4 Forward
Center Wing Time % Phy DF OF
1 Artemi Panarin Chris Lawrence 60 1 2 2
2 Zack Smith Blake Geoffrion 40 1 2 2
4 vs 4 Defense
Defense Defense Time % Phy DF OF
1 Bobby Sanguinetti Nate Schmidt 60 1 2 2
2 Phil Oreskovic Sasha Pokulok 40 1 2 2
Last Minutes Offensive
Center Left Wing Right Wing Defense Defense
Mikael Granlund Artemi Panarin Brendan Gallagher Bobby Sanguinetti Phil Oreskovic
Last Minutes Defensive
Center Left Wing Right Wing Defense Defense
Anton Gustafsson Artemi Panarin Colton Orr Zach Jones Sasha Pokulok
Goaltenders
Starting : Chad Johnson
Backup : Antti Raanta
Extra Forwards
Normal : Artemi Panarin, Jeremy Welsh, Brendan Gallagher - PP : Artemi Panarin, Jeremy Welsh - PK : Brendan Gallagher
Extra Defensemen
Normal : Mattias Backman, Mat Clark, Nate Schmidt - PP : Nate Schmidt - PK : Mat Clark, Nate Schmidt
Penalty Shots
Chris Lawrence, Artemi Panarin, Brendan Gallagher, Jeremy Welsh, Blake Geoffrion
% Time on Ice - Mulligans
Lines # - Real PCT - Wanted PCT - Time Play
Normal Forward
1 - 32% - 36% - 16:00
2 - 29% - 30% - 14:10
3 - 25% - 24% - 12:06
4 - 14% - 10% - 7:05
Normal Defense
1 - 35% - 36% - 17:06
2 - 30% - 30% - 14:40
3 - 20% - 22% - 9:58
4 - 15% - 12% - 7:37
PP Forward
1 - 54% - 60% - 4:18
2 - 46% - 40% - 3:38
PP Defense
1 - 66% - 65% - 5:12
2 - 34% - 35% - 2:44
PK Forward
1 - 84% - 60% - 1:40
2 - 16% - 40% - 0:19
PK Defense
1 - 70% - 60% - 1:23
2 - 30% - 40% - 0:36
PK3 Forward
1 - 0% - 60%
2 - 0% - 40%
PK3 Defense
1 - 0% - 60%
2 - 0% - 40%
44 Forward
1 - 79% - 60% - 3:57
2 - 21% - 40% - 1:03
44 Defense
1 - 57% - 60% - 2:50
2 - 43% - 40% - 2:10
Last Minute Offensive - 0:00
Last Minute Defensive - 0:44
Total
Forward - 65:00
Defense - 65:00
|
% Time on Ice - Carnivores
Lines # - Real PCT - Wanted PCT - Time Play
Normal Forward
1 - 32% - 40% - 15:45
2 - 27% - 30% - 13:31
3 - 23% - 20% - 11:21
4 - 18% - 10% - 8:47
Normal Defense
1 - 39% - 40% - 19:14
2 - 29% - 30% - 14:23
3 - 20% - 20% - 9:49
4 - 12% - 10% - 5:58
PP Forward
1 - 55% - 60% - 1:06
2 - 45% - 40% - 0:53
PP Defense
1 - 44% - 60% - 0:52
2 - 56% - 40% - 1:07
PK Forward
1 - 77% - 60% - 6:08
2 - 23% - 40% - 1:48
PK Defense
1 - 51% - 60% - 4:03
2 - 49% - 40% - 3:53
PK3 Forward
1 - 0% - 60%
2 - 0% - 40%
PK3 Defense
1 - 0% - 60%
2 - 0% - 40%
44 Forward
1 - 78% - 60% - 3:53
2 - 22% - 40% - 1:07
44 Defense
1 - 48% - 60% - 2:25
2 - 52% - 40% - 2:35
Last Minute Offensive - 0:41
Last Minute Defensive - 0:00
Total
Forward - 65:00
Defense - 65:00
|
Play by Play
1st period
0:01 of 1st period - Maxime Macenauer wins face-off versus Anton Gustafsson in neutral zone.
0:45 of 1st period - Snap shot by Jeremy Welsh.
0:45 of 1st period - Stopped by Calvin Pickard with a rebound.
1:04 of 1st period - Snap shot by Eric Tangradi.
1:04 of 1st period - Stopped by Chad Johnson without a rebound.
1:05 of 1st period - Tyler Graovac wins face-off versus Michael Chaput in Carnivores zone.
1:05 of 1st period - Tyler Graovac is hit by Gord Baldwin.
1:11 of 1st period - Snap shot by Eric Tangradi.
1:11 of 1st period - Stopped by Chad Johnson with a rebound.
1:21 of 1st period - Cody Goloubef is hit by Lane MacDermid and loses puck.
1:39 of 1st period - Slapshot by Colton Orr.
1:39 of 1st period - Stopped by Calvin Pickard without a rebound.
1:40 of 1st period - Maxime Macenauer wins face-off versus Anton Gustafsson in Mulligans zone.
1:53 of 1st period - Snap shot by Chris Neil.
1:53 of 1st period - Stopped by Chad Johnson without a rebound.
1:54 of 1st period - Matt Beleskey wins face-off versus Mikael Granlund in Carnivores zone.
1:59 of 1st period - Slapshot by Matt Beleskey.
1:59 of 1st period - Stopped by Chad Johnson without a rebound.
2:00 of 1st period - Matt Beleskey wins face-off versus Mikael Granlund in Carnivores zone.
2:05 of 1st period - Wrist shot by Anton Lander.
2:05 of 1st period - Stopped by Chad Johnson with a rebound.
3:25 of 1st period - Wrist shot by Chris Neil.
3:25 of 1st period - Stopped by Chad Johnson with a rebound.
3:27 of 1st period - Wrist shot by Maxime Macenauer.
3:27 of 1st period - Shot Misses the Net.
3:29 of 1st period - Slapshot by Michael Del Zotto.
3:29 of 1st period - Stopped by Chad Johnson without a rebound.
3:30 of 1st period - Anton Gustafsson wins face-off versus Anton Lander in Carnivores zone.
3:30 of 1st period - Anton Gustafsson is hit by Matt Beleskey.
4:00 of 1st period - Wrist shot by Jeremy Welsh.
4:00 of 1st period - Deflect By Thomas Hickey.
4:00 of 1st period - Shot Misses the Net.
4:00 of 1st period - Puck is out of play.
4:01 of 1st period - Zack Smith wins face-off versus Tim Schaller in Mulligans zone.
4:19 of 1st period - Jordan Szwarz is hit by Bobby Sanguinetti and loses puck.
4:41 of 1st period - Cade Fairchild is hit by Zack Smith and loses puck.
5:06 of 1st period - Wrist shot by Jordan Szwarz.
5:06 of 1st period - Stopped by Chad Johnson with a rebound.
5:08 of 1st period - Slapshot by Cade Fairchild.
5:08 of 1st period - Shot Misses the Net.
5:44 of 1st period - Snap shot by Jeremy Welsh.
5:44 of 1st period - Deflect By Zack Smith.
5:44 of 1st period - Stopped by Calvin Pickard with a rebound.
6:09 of 1st period - Snap shot by Drayson Bowman.
6:09 of 1st period - Shot Misses the Net.
6:11 of 1st period - Slapshot by Cade Fairchild.
6:11 of 1st period - Shot Misses the Net.
6:39 of 1st period - Oliver Lauridsen is hit by Jeremy Welsh and loses puck.
7:30 of 1st period - Wrist shot by Drayson Bowman.
7:30 of 1st period - Shot Misses the Net.
7:32 of 1st period - Snap shot by Cade Fairchild.
7:32 of 1st period - Shot Blocked by Phil Oreskovic.
8:04 of 1st period - Snap shot by Jeremy Welsh.
8:04 of 1st period - Shot Misses the Net.
8:41 of 1st period - Oliver Lauridsen is hit by Jeremy Welsh and loses puck.
8:48 of 1st period - Slapshot by Drayson Bowman.
8:48 of 1st period - Stopped by Chad Johnson with a rebound.
8:50 of 1st period - Snap shot by Tim Schaller.
8:50 of 1st period - Stopped by Chad Johnson without a rebound.
8:51 of 1st period - Anton Gustafsson wins face-off versus Jan Hlavac in Carnivores zone.
9:16 of 1st period - Thomas Hickey is hit by Nate Schmidt and loses puck.
9:49 of 1st period - Snap shot by Eric Tangradi.
9:49 of 1st period - Shot Blocked by Zach Jones.
10:07 of 1st period - Wrist shot by Artemi Panarin.
10:07 of 1st period - Stopped by Calvin Pickard with a rebound.
12:01 of 1st period - Mat Clark is hit by Maxime Macenauer.
12:44 of 1st period - Icing by Colton Orr.
12:45 of 1st period - Maxime Macenauer wins face-off versus Anton Gustafsson in Carnivores zone.
13:04 of 1st period - Icing by Nate Schmidt.
13:05 of 1st period - Mikael Granlund wins face-off versus Michael Chaput in Carnivores zone.
15:15 of 1st period - Eric Tangradi is hit by Tyler Graovac and loses puck.
15:26 of 1st period - Phil Oreskovic is hit by Chris Neil and loses puck.
Goals for this period are 0 for Mulligans vs 0 for Carnivores.
Shots for this period are 10 for Mulligans vs 4 for Carnivores.
2nd period
0:01 of 2nd period - Artemi Panarin wins face-off versus Maxime Macenauer in neutral zone.
0:31 of 2nd period - Snap shot by Anton Lander.
0:31 of 2nd period - Shot Misses the Net.
0:33 of 2nd period - Slapshot by Anton Lander.
0:33 of 2nd period - Stopped by Chad Johnson with a rebound.
0:35 of 2nd period - Slapshot by Jonathan Tremblay.
0:35 of 2nd period - Goal by Jonathan Tremblay - Mulligans : 1 - Carnivores : 0.
0:36 of 2nd period - Anton Gustafsson wins face-off versus Maxime Macenauer in neutral zone.
0:43 of 2nd period - Snap shot by Artemi Panarin.
0:43 of 2nd period - Deflect By Brendan Gallagher.
0:43 of 2nd period - Shot Misses the Net.
0:43 of 2nd period - Puck is out of play.
0:44 of 2nd period - Anton Gustafsson wins face-off versus Maxime Macenauer in Mulligans zone.
0:49 of 2nd period - Wrist shot by Brendan Gallagher.
0:49 of 2nd period - Deflect By Artemi Panarin.
0:49 of 2nd period - Stopped by Calvin Pickard with a rebound.
0:57 of 2nd period - Snap shot by Anton Gustafsson.
0:57 of 2nd period - Stopped by Calvin Pickard with a rebound.
0:59 of 2nd period - Snap shot by Brendan Gallagher.
0:59 of 2nd period - Shot Blocked by Thomas Hickey.
1:33 of 2nd period - Slapshot by Phil Oreskovic.
1:33 of 2nd period - Shot Misses the Net.
1:35 of 2nd period - Snap shot by Mark McNeill.
1:35 of 2nd period - Stopped by Calvin Pickard with a rebound.
1:37 of 2nd period - Slapshot by Phil Oreskovic.
1:37 of 2nd period - Stopped by Calvin Pickard with a rebound.
1:39 of 2nd period - Snap shot by Jeremy Welsh.
1:39 of 2nd period - Stopped by Calvin Pickard without a rebound.
1:40 of 2nd period - Maxime Macenauer wins face-off versus Artemi Panarin in Mulligans zone.
2:40 of 2nd period - Wrist shot by Drayson Bowman.
2:40 of 2nd period - Shot Blocked by Tyler Graovac.
2:42 of 2nd period - Slapshot by Cody Goloubef.
2:42 of 2nd period - Stopped by Chad Johnson without a rebound.
2:43 of 2nd period - Maxime Macenauer wins face-off versus Anton Gustafsson in Carnivores zone.
2:44 of 2nd period - Snap shot by Chris Neil.
2:44 of 2nd period - Shot Blocked by Brendan Gallagher.
2:46 of 2nd period - Backhand shot by Chris Neil.
2:46 of 2nd period - Shot Blocked by Brendan Gallagher.
2:48 of 2nd period - Slapshot by Thomas Hickey.
2:48 of 2nd period - Shot Blocked by Anton Gustafsson.
2:50 of 2nd period - Slapshot by Jan Hlavac.
2:50 of 2nd period - Shot Blocked by Nate Schmidt.
3:10 of 2nd period - Matt Beleskey is hit by Blake Geoffrion and loses puck.
3:17 of 2nd period - Wrist shot by Mikael Granlund.
3:17 of 2nd period - Shot Hit the Post.
4:01 of 2nd period - Wrist shot by Lane MacDermid.
4:01 of 2nd period - Stopped by Calvin Pickard with a rebound.
4:03 of 2nd period - Wrist shot by Frederic St-Denis.
4:03 of 2nd period - Stopped by Calvin Pickard without a rebound.
4:04 of 2nd period - Anton Gustafsson wins face-off versus Maxime Macenauer in Mulligans zone.
4:07 of 2nd period - Wrist shot by Anton Gustafsson.
4:07 of 2nd period - Stopped by Calvin Pickard without a rebound.
4:08 of 2nd period - Anton Gustafsson wins face-off versus Maxime Macenauer in Mulligans zone.
4:23 of 2nd period - Snap shot by Chris Neil.
4:23 of 2nd period - Shot Misses the Net.
4:59 of 2nd period - Snap shot by Tim Schaller.
4:59 of 2nd period - Stopped by Chad Johnson without a rebound.
5:00 of 2nd period - Tim Schaller wins face-off versus Zack Smith in Carnivores zone.
5:22 of 2nd period - Slapshot by Jeremy Welsh.
5:22 of 2nd period - Shot Misses the Net.
5:44 of 2nd period - Snap shot by Tim Schaller.
5:44 of 2nd period - Shot Blocked by Sasha Pokulok.
5:48 of 2nd period - Wrist shot by Drayson Bowman.
5:48 of 2nd period - Stopped by Chad Johnson without a rebound.
5:49 of 2nd period - Maxime Macenauer wins face-off versus Anton Gustafsson in Carnivores zone.
6:14 of 2nd period - Matt Donovan is hit by Blake Geoffrion and loses puck.
6:37 of 2nd period - Snap shot by Eric Tangradi.
6:37 of 2nd period - Stopped by Chad Johnson without a rebound.
6:38 of 2nd period - Michael Chaput wins face-off versus Tyler Graovac in Carnivores zone.
7:27 of 2nd period - Lane MacDermid is hit by Matt Beleskey and loses puck.
7:40 of 2nd period - Wrist shot by Anton Lander.
7:40 of 2nd period - Deflect By Matt Beleskey.
7:40 of 2nd period - Stopped by Chad Johnson with a rebound.
8:34 of 2nd period - Minor Penalty to Tyler Graovac for High sticking.
8:35 of 2nd period - Drayson Bowman wins face-off versus Artemi Panarin in Carnivores zone.
8:47 of 2nd period - Snap shot by Michael Del Zotto.
8:47 of 2nd period - Stopped by Chad Johnson without a rebound.
8:48 of 2nd period - Artemi Panarin wins face-off versus Drayson Bowman in Carnivores zone.
9:31 of 2nd period - Artemi Panarin is hit by Drayson Bowman and loses puck.
10:34 of 2nd period - Penalty to Tyler Graovac is over, Tyler Graovac is back on ice.
10:48 of 2nd period - Off-side.
10:49 of 2nd period - Tim Schaller wins face-off versus Zack Smith in neutral zone.
11:03 of 2nd period - Wrist shot by Zack Smith.
11:03 of 2nd period - Stopped by Calvin Pickard without a rebound.
11:04 of 2nd period - Anton Gustafsson wins face-off versus Anton Lander in Mulligans zone.
11:29 of 2nd period - Bobby Sanguinetti is hit by Michael Chaput and loses puck.
11:42 of 2nd period - Backhand shot by Michael Del Zotto.
11:42 of 2nd period - Shot Misses the Net.
11:56 of 2nd period - Snap shot by Bobby Sanguinetti.
11:56 of 2nd period - Stopped by Calvin Pickard with a rebound.
11:58 of 2nd period - Minor Penalty to Matt Donovan for Roughing.
11:59 of 2nd period - Anton Lander wins face-off versus Anton Gustafsson in Mulligans zone.
12:44 of 2nd period - Blake Geoffrion is hit by Oliver Lauridsen and loses puck.
13:58 of 2nd period - Penalty to Matt Donovan is over, Matt Donovan is back on ice.
14:26 of 2nd period - Zach Jones is hit by Tim Schaller and loses puck.
14:44 of 2nd period - Slapshot by Matt Donovan.
14:44 of 2nd period - Shot Blocked by Tyler Graovac.
15:02 of 2nd period - Wrist shot by Matt Donovan.
15:02 of 2nd period - Shot Misses the Net.
17:10 of 2nd period - Mark McNeill is hit by Cody Goloubef and loses puck.
17:47 of 2nd period - Wrist shot by Chris Lawrence.
17:47 of 2nd period - Stopped by Calvin Pickard without a rebound.
17:48 of 2nd period - Mikael Granlund wins face-off versus Michael Chaput in Mulligans zone.
18:20 of 2nd period - Snap shot by Jan Hlavac.
18:20 of 2nd period - Goal by Jan Hlavac - Mulligans : 2 - Carnivores : 0.
18:21 of 2nd period - Anton Gustafsson wins face-off versus Chris Neil in neutral zone.
18:30 of 2nd period - Slapshot by Michael Del Zotto.
18:30 of 2nd period - Stopped by Chad Johnson without a rebound.
18:31 of 2nd period - Maxime Macenauer wins face-off versus Anton Gustafsson in Carnivores zone.
19:10 of 2nd period - Slapshot by Maxime Macenauer.
19:10 of 2nd period - Shot Blocked by Nate Schmidt.
19:12 of 2nd period - Slapshot by Matt Donovan.
19:12 of 2nd period - Shot Blocked by Bobby Sanguinetti.
19:14 of 2nd period - Slapshot by Matt Donovan.
19:14 of 2nd period - Shot Blocked by Brendan Gallagher.
19:16 of 2nd period - Snap shot by Michael Del Zotto.
19:16 of 2nd period - Deflect By Brendan Gallagher.
19:16 of 2nd period - Stopped by Chad Johnson with a rebound.
19:18 of 2nd period - Snap shot by Chris Neil.
19:18 of 2nd period - Shot Misses the Net.
19:20 of 2nd period - Snap shot by Jan Hlavac.
19:20 of 2nd period - Goal by Jan Hlavac - Mulligans : 3 - Carnivores : 0.
19:21 of 2nd period - Blake Geoffrion wins face-off versus Anton Lander in neutral zone.
19:27 of 2nd period - Off-side.
19:28 of 2nd period - Mikael Granlund wins face-off versus Jonathan Tremblay in neutral zone.
19:31 of 2nd period - Slapshot by Chris Lawrence.
19:31 of 2nd period - Goal by Chris Lawrence - Mulligans : 3 - Carnivores : 1.
19:32 of 2nd period - Maxime Macenauer wins face-off versus Anton Gustafsson in neutral zone.
19:35 of 2nd period - Slapshot by Chris Neil.
19:35 of 2nd period - Shot Misses the Net.
Goals for this period are 3 for Mulligans vs 1 for Carnivores.
Shots for this period are 12 for Mulligans vs 12 for Carnivores.
3rd period
0:01 of 3rd period - Anton Gustafsson wins face-off versus Maxime Macenauer in neutral zone.
0:25 of 3rd period - Matt Beleskey is hit by Blake Geoffrion.
0:49 of 3rd period - Slapshot by Drayson Bowman.
0:49 of 3rd period - Stopped by Chad Johnson with a rebound.
0:51 of 3rd period - Snap shot by Drayson Bowman.
0:51 of 3rd period - Deflect By Jordan Szwarz.
0:51 of 3rd period - Shot Blocked by Sasha Pokulok.
0:51 of 3rd period - Puck is out of play.
0:52 of 3rd period - Brendan Gallagher wins face-off versus Maxime Macenauer in Carnivores zone.
1:03 of 3rd period - Snap shot by Anton Gustafsson.
1:03 of 3rd period - Deflect By Jan Hlavac.
1:03 of 3rd period - Stopped by Calvin Pickard without a rebound.
1:04 of 3rd period - Anton Gustafsson wins face-off versus Maxime Macenauer in Mulligans zone.
1:15 of 3rd period - Snap shot by Michael Del Zotto.
1:15 of 3rd period - Stopped by Chad Johnson without a rebound.
1:16 of 3rd period - Maxime Macenauer wins face-off versus Anton Gustafsson in Carnivores zone.
1:17 of 3rd period - Slapshot by Chris Neil.
1:17 of 3rd period - Shot Blocked by Artemi Panarin.
1:19 of 3rd period - Wrist shot by Maxime Macenauer.
1:19 of 3rd period - Shot Misses the Net.
1:21 of 3rd period - Snap shot by Chris Neil.
1:21 of 3rd period - Shot Blocked by Nate Schmidt.
1:35 of 3rd period - Bobby Sanguinetti is hit by Chris Neil and loses puck.
1:58 of 3rd period - Snap shot by Brendan Gallagher.
1:58 of 3rd period - Stopped by Calvin Pickard with a rebound.
2:00 of 3rd period - Snap shot by Anton Gustafsson.
2:00 of 3rd period - Stopped by Calvin Pickard without a rebound.
2:01 of 3rd period - Jonathan Tremblay wins face-off versus Mikael Granlund in Mulligans zone.
2:10 of 3rd period - Snap shot by Chris Lawrence.
2:10 of 3rd period - Shot Blocked by Matt Niskanen.
3:01 of 3rd period - Slapshot by Logan Shaw.
3:01 of 3rd period - Shot Misses the Net.
3:03 of 3rd period - Slapshot by Logan Shaw.
3:03 of 3rd period - Shot Misses the Net.
3:09 of 3rd period - Minor Penalty to Lane MacDermid for Tripping.
3:10 of 3rd period - Artemi Panarin wins face-off versus Anton Lander in Carnivores zone.
3:36 of 3rd period - Artemi Panarin is hit by Matt Beleskey and loses puck.
3:45 of 3rd period - Slapshot by Jonathan Tremblay.
3:45 of 3rd period - Stopped by Chad Johnson without a rebound.
3:46 of 3rd period - Maxime Macenauer wins face-off versus Artemi Panarin in Carnivores zone.
4:09 of 3rd period - Brendan Gallagher is hit by Anton Lander and loses puck.
5:09 of 3rd period - Penalty to Lane MacDermid is over, Lane MacDermid is back on ice.
5:57 of 3rd period - Slapshot by Chris Lawrence.
5:57 of 3rd period - Shot Misses the Net.
6:17 of 3rd period - Snap shot by Lane MacDermid.
6:17 of 3rd period - Stopped by Calvin Pickard with a rebound.
6:45 of 3rd period - Chris Lawrence is hit by Logan Shaw.
7:15 of 3rd period - Lane MacDermid is hit by Maxime Macenauer and loses puck.
7:48 of 3rd period - Jan Hlavac is hit by Jeremy Welsh and loses puck.
8:21 of 3rd period - Wrist shot by Anton Lander.
8:21 of 3rd period - Shot Misses the Net.
8:39 of 3rd period - Wrist shot by Drayson Bowman.
8:39 of 3rd period - Shot Blocked by Blake Geoffrion.
8:41 of 3rd period - Snap shot by Matt Donovan.
8:41 of 3rd period - Shot Misses the Net.
8:45 of 3rd period - Snap shot by Drayson Bowman.
8:45 of 3rd period - Stopped by Chad Johnson with a rebound.
8:51 of 3rd period - Minor Penalty to Mikael Granlund for Hooking.
8:52 of 3rd period - Jonathan Tremblay wins face-off versus Artemi Panarin in Carnivores zone.
9:54 of 3rd period - Brendan Gallagher is hit by Eric Tangradi and loses puck.
10:51 of 3rd period - Penalty to Mikael Granlund is over, Mikael Granlund is back on ice.
11:07 of 3rd period - Wrist shot by Mikael Granlund.
11:07 of 3rd period - Shot Blocked by Michael Chaput.
11:07 of 3rd period - Michael Chaput from Mulligans is injured at 11:07 of 3rd period (Back).
11:08 of 3rd period - Anton Gustafsson wins face-off versus Chris Neil in Mulligans zone.
11:23 of 3rd period - Wrist shot by Chris Neil.
11:23 of 3rd period - Shot Blocked by Nate Schmidt.
11:58 of 3rd period - Wrist shot by Lane MacDermid.
11:58 of 3rd period - Stopped by Calvin Pickard with a rebound.
12:00 of 3rd period - Snap shot by Tyler Graovac.
12:00 of 3rd period - Shot Misses the Net.
12:02 of 3rd period - Wrist shot by Colton Orr.
12:02 of 3rd period - Goal by Colton Orr - Mulligans : 3 - Carnivores : 2.
12:03 of 3rd period - Anton Gustafsson wins face-off versus Maxime Macenauer in neutral zone.
12:10 of 3rd period - Snap shot by Artemi Panarin.
12:10 of 3rd period - Shot Misses the Net.
12:16 of 3rd period - Slapshot by Thomas Hickey.
12:16 of 3rd period - Stopped by Chad Johnson without a rebound.
12:17 of 3rd period - Brendan Gallagher wins face-off versus Anton Lander in Carnivores zone.
13:08 of 3rd period - Wrist shot by Tim Schaller.
13:08 of 3rd period - Deflect By Drayson Bowman.
13:08 of 3rd period - Stopped by Chad Johnson with a rebound.
13:10 of 3rd period - Penalty Shot by Mark McNeill for Carnivores.
13:10 of 3rd period - Deke by Mark McNeill.
13:10 of 3rd period - Stopped by Calvin Pickard.
13:11 of 3rd period - Maxime Macenauer wins face-off versus Anton Gustafsson in Carnivores zone.
13:16 of 3rd period - Slapshot by Maxime Macenauer.
13:16 of 3rd period - Deflect By Jan Hlavac.
13:16 of 3rd period - Shot Blocked by Sasha Pokulok.
13:16 of 3rd period - Puck is out of play.
13:17 of 3rd period - Chris Neil wins face-off versus Anton Gustafsson in Carnivores zone.
13:24 of 3rd period - Snap shot by Jan Hlavac.
13:24 of 3rd period - Stopped by Chad Johnson with a rebound.
13:26 of 3rd period - Wrist shot by Jan Hlavac.
13:26 of 3rd period - Stopped by Chad Johnson without a rebound.
13:27 of 3rd period - Maxime Macenauer wins face-off versus Anton Gustafsson in Carnivores zone.
13:35 of 3rd period - Icing by Nate Schmidt.
13:36 of 3rd period - Jan Hlavac wins face-off versus Anton Gustafsson in Carnivores zone.
13:52 of 3rd period - Maxime Macenauer is hit by Brendan Gallagher and loses puck.
13:57 of 3rd period - Snap shot by Brendan Gallagher.
13:57 of 3rd period - Stopped by Calvin Pickard without a rebound.
13:58 of 3rd period - Anton Lander wins face-off versus Mikael Granlund in Mulligans zone.
14:11 of 3rd period - Slapshot by Jonathan Tremblay.
14:11 of 3rd period - Shot Misses the Net.
14:13 of 3rd period - Snap shot by Jonathan Tremblay.
14:13 of 3rd period - Deflect By Anton Lander.
14:13 of 3rd period - Stopped by Chad Johnson without a rebound.
14:14 of 3rd period - Maxime Macenauer wins face-off versus Brendan Gallagher in Carnivores zone.
14:20 of 3rd period - Minor Penalty to Brendan Gallagher for Roughing.
14:21 of 3rd period - Artemi Panarin wins face-off versus Anton Lander in Carnivores zone.
14:31 of 3rd period - Bobby Sanguinetti is hit by Matt Niskanen.
14:36 of 3rd period - Off-side.
14:37 of 3rd period - Artemi Panarin wins face-off versus Anton Lander in neutral zone.
15:40 of 3rd period - Jonathan Tremblay is hit by Lane MacDermid and loses puck.
15:47 of 3rd period - Sasha Pokulok is hit by Matt Niskanen and loses puck.
16:20 of 3rd period - Penalty to Brendan Gallagher is over, Brendan Gallagher is back on ice.
17:00 of 3rd period - Blake Geoffrion is hit by Drayson Bowman and loses puck.
17:43 of 3rd period - Oliver Lauridsen is hit by Lane MacDermid and loses puck.
18:02 of 3rd period - Slapshot by Thomas Hickey.
18:02 of 3rd period - Stopped by Chad Johnson with a rebound.
18:25 of 3rd period - Slapshot by Phil Oreskovic.
18:25 of 3rd period - Stopped by Calvin Pickard with a rebound.
18:39 of 3rd period - Snap shot by Artemi Panarin.
18:39 of 3rd period - Stopped by Calvin Pickard with a rebound.
18:41 of 3rd period - Slapshot by Sasha Pokulok.
18:41 of 3rd period - Deflect By Artemi Panarin.
18:41 of 3rd period - Shot Blocked by Logan Shaw.
18:41 of 3rd period - Puck is out of play.
18:42 of 3rd period - Tim Schaller wins face-off versus Anton Gustafsson in Mulligans zone.
19:05 of 3rd period - Nate Schmidt is hit by Jan Hlavac and loses puck.
19:28 of 3rd period - Carnivores, Chad Johnson is pulled from the net.
19:28 of 3rd period - Wrist shot by Artemi Panarin.
19:28 of 3rd period - Shot Blocked by Matt Donovan.
19:30 of 3rd period - Slapshot by Bobby Sanguinetti.
19:30 of 3rd period - Goal by Bobby Sanguinetti - Mulligans : 3 - Carnivores : 3.
19:30 of 3rd period - Chad Johnson from Carnivores was sent back in the game.
19:31 of 3rd period - Tim Schaller wins face-off versus Anton Gustafsson in neutral zone.
19:50 of 3rd period - Zach Jones is hit by Chris Neil and loses puck.
Goals for this period are 0 for Mulligans vs 2 for Carnivores.
Shots for this period are 10 for Mulligans vs 10 for Carnivores.
Overtime #1
0:01 of 1st overtime period - Artemi Panarin wins face-off versus Jonathan Tremblay in neutral zone.
1:06 of 1st overtime period - Blake Geoffrion is hit by Jan Hlavac and loses puck.
1:18 of 1st overtime period - Blake Geoffrion is hit by Matt Niskanen and loses puck.
2:03 of 1st overtime period - Sasha Pokulok is hit by Eric Tangradi and loses puck.
3:53 of 1st overtime period - Icing by Lane MacDermid.
3:54 of 1st overtime period - Mikael Granlund wins face-off versus Eric Tangradi in Carnivores zone.
4:52 of 1st overtime period - Backhand shot by Brendan Gallagher.
4:52 of 1st overtime period - Shot Misses the Net.
4:55 of 1st overtime period - Icing by Matt Niskanen.
4:56 of 1st overtime period - Maxime Macenauer wins face-off versus Artemi Panarin in Mulligans zone.
Goals for this period are 0 for Mulligans vs 0 for Carnivores.
Shots for this period are 0 for Mulligans vs 0 for Carnivores.
ShootOut
5:00 of 1st overtime period - Penalty Shot by Chris Neil for Mulligans.
5:00 of 1st overtime period - Deke by Chris Neil.
5:00 of 1st overtime period - Goal by Chris Neil.
5:00 of 1st overtime period - Penalty Shot by Chris Lawrence for Carnivores.
5:00 of 1st overtime period - Deke by Chris Lawrence.
5:00 of 1st overtime period - Shot Misses the Net.
5:00 of 1st overtime period - Penalty Shot by Maxime Macenauer for Mulligans.
5:00 of 1st overtime period - Wrist shot by Maxime Macenauer.
5:00 of 1st overtime period - Goal by Maxime Macenauer.
5:00 of 1st overtime period - Penalty Shot by Artemi Panarin for Carnivores.
5:00 of 1st overtime period - Snap shot by Artemi Panarin.
5:00 of 1st overtime period - Goal by Artemi Panarin.
5:00 of 1st overtime period - Penalty Shot by Jonathan Tremblay for Mulligans.
5:00 of 1st overtime period - Backhand shot by Jonathan Tremblay.
5:00 of 1st overtime period - Stopped by Chad Johnson.
5:00 of 1st overtime period - Penalty Shot by Brendan Gallagher for Carnivores.
5:00 of 1st overtime period - Wrist shot by Brendan Gallagher.
5:00 of 1st overtime period - Shot Misses the Net.
Back to the Top